AoeStats
← Athedge

Fortress

510765132Analyzed
1v1 RM · 18h ago on Oct 2, 2026· 46m 55s· 2 players
Game mode
Random Map
Map size
Small (3 player)
Population
200
Speed
Normal
Resources
Standard
Victory
Conquest
Starting age
Dark Age
Ending age
Imperial Age
RankedLock teamsTeams togetherTeam positionsShared explorationLock speedFull tech treeHidden civsTurbo modeCheats
Victory
Defeat
🇫🇷 Huns · France
854
+16
🇹🇷 Persians · Türkiye
855
-40
Athedge
12:47 Feudal Age
13:14 Horse Collar
13:22 Double-Bit Axe
14:18 Wheelbarrow
19:45 Castle Age
18:56 Bloodlines
18:59 Forging
18:58 Scale Barding Armor
19:43 Fletching
19:54 Stone Mining
19:54 Gold Mining
21:21 Hand Cart
20:52 Loom
20:53 Town Watch
21:21 Bow Saw
21:14 Heavy Plow
21:16 Light Cavalry
21:57 Husbandry
24:13 Fervor
25:12 Gold Shaft Mining
25:46 Pikeman
26:26 Squires
26:29 Scale Mail Armor
34:10 Imperial Age
31:57 Masonry
32:08 Ballistics
31:44 Murder Holes
32:53 Town Patrol
33:27 Chain Mail Armor
33:55 Iron Casting
35:18 Conscription
36:11 Chemistry
37:11 Two-Man Saw
35:39 Halberdier
36:05 Arson
36:19 Bodkin Arrow
36:26 Padded Archer Armor
36:30 Marauders
37:33 Bracer
38:34 Blast Furnace
37:54 Chain Barding Armor
38:37 Leather Archer Armor
37:47 Elite Skirmisher
38:33 Thumb Ring
38:52 Elite Tarkan
41:36 Plate Barding Armor
bskbs7
1:15 Loom
5:35 Feudal Age
5:55 Horse Collar
7:30 Double-Bit Axe
15:57 Castle Age
19:17 Town Watch
26:32 Imperial Age
28:49 Wheelbarrow
32:38 Elite War Elephant
44:46 Hoardings
Connection lost

Rejoining the realm…

Still unreachable

The connection could not be restored.

Session expired

The server has moved on; the page needs a fresh start.